 Dungeon Crawl Stone Soup version 0.13-a0-1606-g53bcbbc (webtiles) character file.

192 Root the Insei (level 4, 0/35 HPs)
             Began as a Draconian Transmuter on June 14, 2013.
             Succumbed to Crazy Yiuf's poison
             ... on Level 2 of the Dungeon.
             The game lasted 00:04:20 (2357 turns).

Root the Insei (Draconian Transmuter)               Turns: 2357, Time: 00:04:21

HP   0/35        AC  2     Str 12      XL: 4   Next: 67%
MP   6/6         EV 19     Int 14      God:
Gold 78          SH  0     Dex 17      Spells:  3 memorised,  1 level left

Res.Fire  : . . .   See Invis. : .     - Unarmed
Res.Cold  : . . .   Warding    : .   (armour unavailable)
Life Prot.: . . .   Conserve   : .   (shield currently unavailable)
Res.Poison: x       Res.Corr.  : .   (helmet currently unavailable)
Res.Elec. : .       Clarity    : .   (cloak currently unavailable)
Sust.Abil.: . .     Spirit.Shd : .   (gloves currently unavailable)
Res.Mut.  : .       Stasis     : .   c - melded +0 pair of boots
Res.Rott. : .       Flight     : .   (no amulet)
Saprovore : . . .                    (no ring)
                                     (no ring)

@: spider-form (expiring), mildly poisoned, quick, slightly resistant to hostile
enchantments, unstealthy
A: unfitting armour, AC +5
a: End Transformation


You were on level 2 of the Dungeon.
You were not hungry.
You were in spider-form.
You visited 1 branch of the dungeon, and saw 2 of its levels.

You collected 58 gold pieces.

Inventory:

Missiles
 b - 33 arrows
Armour
 c - a +0 pair of boots (melded)
Comestibles
 a - 2 bread rations
 p - 12 grapes
 q - a meat ration
Scrolls
 e - 4 scrolls of recharging {unknown}
 f - 2 scrolls of enchant weapon II {unknown}
 g - 3 scrolls of remove curse {unknown}
 h - 4 scrolls of identify {unknown}
 r - a scroll of fog {unknown}
Jewellery
 m - an uncursed amulet of resist mutation {unknown}
Potions
 j - a potion of agility {unknown}
 k - 2 potions of heal wounds {unknown}
 l - a potion of restore abilities {unknown}
 n - a potion of brilliance {unknown}
 o - a potion of curing {unknown}
Books
 d - a book of Changes

   Spells                             Type                      Level
   *Beastly Appendage                 Transmutation                1
   *Sticks to Snakes                  Transmutation                2
   *Spider Form                       Transmutation/Poison         3
   Ice Form                           Ice/Transmutation            4
   Blade Hands                        Transmutation                5


   Skills:
 - Level 1.1 Fighting
 - Level 1.7 Dodging
 - Level 5.0 Unarmed Combat
 - Level 2.0 Spellcasting
 + Level 2.6 Transmutations
 - Level 1.0 Poison Magic


You had one spell level left.
You knew the following spells:

 Your Spells              Type           Power        Failure   Level  Hunger
a - Beastly Appendage     Trmt           #.....       24%         1    ##.....
b - Spider Form           Trmt/Pois      #.........   61%         3    ####...
c - Sticks to Snakes      Trmt           #.........   32%         2    ###....


Dungeon Overview and Level Annotations

Branches:
Dungeon (2/27)

Altars:
Fedhas
Nemelex Xobeh

Annotations
D:2 Crazy Yiuf


Message History

Crazy Yiuf hits you with a quarterstaff of chaos!
You are poisoned.
You hit Crazy Yiuf.
Crazy Yiuf is heavily wounded.
You feel sick.
Crazy Yiuf hits you with a quarterstaff of chaos.
You hit Crazy Yiuf.
Crazy Yiuf is severely wounded.
You hit Crazy Yiuf.
Crazy Yiuf looks even sicker.
Crazy Yiuf is almost dead.
You feel sick.
Crazy Yiuf laughs, "Powder!
Pitchfork turtle snail."
Crazy Yiuf hits you with a quarterstaff of chaos!
* * * LOW HITPOINT WARNING * * *
* * * LOW HITPOINT WARNING * * *
You feel sick.
You feel a little better.
Drink which item? (? for menu, Esc to quit)
Magic courses through your body.
It was a potion of magic.
You die...

##..#
..........
##...#
..........
#....#
....#####
##....##
...
♣♣....♣♣ ##
♣♣...♣♣♣
♣♣♣.♣♣♣♣
♣♣.♣♣♣♣
######
♣♣♣s♣♣
#.....
♣♣♣g♣♣
######.###.
♣♣♣.♣♣
#..........
♣##.##
#..###.##..
^.
#..###.##.>
..#
#..#....#..
.)#
#..#.#..#..
###
#..#.#####.
#..#.......


You could see Crazy Yiuf.

Vanquished Creatures
  Ijyb (D:2)
  3 adders (D:2)
  A worm (D:2)
  3 giant geckos
  3 oozes (D:2)
  6 goblins
  17 hobgoblins
  5 kobolds
  7 bats (D:1)
  A giant cockroach (D:1)
  2 giant newts
  A quokka (D:2)
  10 rats
60 creatures vanquished.

Vanquished Creatures (others)
  A giant newt (D:2)
1 creature vanquished.

Grand Total: 61 creatures vanquished

Notes
Turn   | Place    | Note
--------------------------------------------------------------
     0 | D:1      | Root, the Draconian Transmuter, began the quest for the Orb.
     0 | D:1      | Reached XP level 1. HP: 16/16 MP: 1/1
   233 | D:1      | Reached XP level 2. HP: 14/23 MP: 0/3
   585 | D:1      | Reached skill level 4 in Unarmed Combat
   827 | D:1      | Reached XP level 3. HP: 28/28 MP: 4/4
  1047 | D:1      | Found a sparkling altar of Nemelex Xobeh.
  1353 | D:2      | Learned a level 3 spell: Spider Form
  1356 | D:2      | Learned a level 2 spell: Sticks to Snakes
  1381 | D:2      | Found a blossoming altar of Fedhas.
  1712 | D:2      | Reached XP level 4. HP: 31/35 MP: 4/6
  1721 | D:2      | Reached skill level 5 in Unarmed Combat
  1935 | D:2      | Noticed Ijyb
  1947 | D:2      | Killed Ijyb
  1947 | D:2      | Reached skill level 1 in Poison Magic
  2345 | D:2      | Noticed Crazy Yiuf
  2356 | D:2      | HP: 1/35 [poisoned by Crazy Yiuf]
  2357 | D:2      | Succumbed to Crazy Yiuf's poison

Action                   |  1- 3 |  4- 6 || total
-------------------------+-------+-------++-------
Melee: Unarmed           |   161 |    58 ||   219
 Cast: Beastly Appendage |    17 |     6 ||    23
       Spider Form       |       |     1 ||     1
  Use: Potion            |       |     1 ||     1
